 Dungeon Crawl Stone Soup version 0.18.1-2-ga659475 (webtiles) character file.

246 M4edhros the Covert (level 6, -5/38 HPs)
             Began as an Octopode Artificer on May 8, 2016.
             Killed from afar by an orc wizard (9 damage)
             ... with a magic dart
             ... on level 4 of the Dungeon.
             The game lasted 00:02:20 (1734 turns).

M4edhros the Covert (Octopode Artificer)            Turns: 1734, Time: 00:02:20

Health: -5/38      AC:  1    Str: 10    XL:     6   Next: 11%
Magic:  8/8        EV: 12    Int: 14    God:
Gold:   65         SH:  0    Dex: 15    Spells: 0 memorised, 5 levels left

rFire  . . .     SeeInvis .     a - +0 short sword
rCold  . . .     Gourm    .     (no shield)
rNeg   . . .     Faith    .     (helmet restricted)
rPois  .         Spirit   .     (no amulet)
rElec  .         Dismiss  .     (no ring)
rCorr  .         Reflect  .     (no ring)
SustAt .         Harm     .     (no ring)
MR     .....                    (no ring)
Stlth  +++++.....               (no ring)
                                (no ring)
                                (no ring)
                                (no ring)

@: not resistant to hostile enchantments, quite stealthy
A: almost no armour, amphibious, 8 rings, constrict 8, camouflage 1, gelatinous
body 1
a: no special abilities


You were on level 4 of the Dungeon.
You were hungry.

You visited 1 branch of the dungeon, and saw 4 of its levels.

You collected 65 gold pieces.

Inventory:

Hand Weapons
 a - a +0 short sword (weapon)
 i - a +0 hunting sling
Missiles
 l - 20 stones (quivered)
Jewellery
 e - a +2 amulet of reflection {unknown}
Wands
 b - a wand of flame (5/48)
 c - a wand of enslavement (13/24)
 d - a wand of random effects (11/48)
 k - a wand of flame (18/48)
 n - a wand of enslavement (13/24)
Scrolls
 g - a scroll of recharging {unknown}
 h - 2 scrolls of remove curse {unknown}
 j - a scroll of enchant weapon {unknown}
Comestibles
 f - 3 bread rations
 m - 4 fruits


   Skills:
 - Level 1.0 Fighting
 - Level 1.0 Short Blades
 - Level 2.0 Dodging
 + Level 8.5 Stealth
 - Level 3.2 Evocations


You had 5 spell levels left.
You didn't know any spells.

Dungeon Overview and Level Annotations

Branches:
Dungeon (4/15)
 Temple: D:4-7

Altars:


Innate Abilities, Weirdness & Mutations

You cannot wear most types of armour.
You are amphibious.
You can wear up to eight rings at the same time.
You can use your tentacles to constrict eight enemies at once.
Your skin changes colour to match your surroundings (Stealth).
Your rubbery body absorbs attacks (AC +1).


Message History

Evoke which item? (* to show all) (? for menu, Esc to quit)
Zapping:
b - a wand of flame (7/48)
Press: ? - help, Shift-Dir - straight line, f/p - iguana
Aim: an iguana (moderately wounded)
The puff of flame hits the iguana.
The iguana is severely wounded.
This wand has 6 charges left.
The iguana bites you!
Evoke which item? (* to show all) (? for menu, Esc to quit)
Zapping:
b - a wand of flame (6/48)
Press: ? - help, Shift-Dir - straight line, f/p - iguana
Aim: an iguana (severely wounded)
The puff of flame hits the iguana.
The iguana appears unharmed.
The iguana is severely wounded.
This wand has 5 charges left.
The iguana bites you!
* * * LOW HITPOINT WARNING * * *
You aren't carrying any potions.
Unknown command.
The orc wizard points at you and mumbles some strange words.
The magic dart hits you!
You die...

... #####.# .. #.....# .. .##
#.....###. ### ..# #.....#.. ..#
#.# #.....#.# #.# #.# #.....#.#
#.# #######
#.###.....#.########.##
.......###.....@(o.....)........
#..........#...lo#.########.##
#..........#####..............
#........#.# #)#.)....###.##
####+#####.# #)######.# #.# #..
##o######.# #.. #..# #.........#
### #... #)........#
#.#.##..>......#


You could see an iguana, an orc wizard and an orc.

Vanquished Creatures
  A scorpion (D:4)
  Terence (D:3)
  2 worker ants (D:4)
  An orc wizard (D:4)
  An adder (D:4)
  4 gnolls
  2 adder skeletons (D:4)
  2 orcs (D:4)
  5 bats
  2 giant cockroaches (D:1)
  3 goblins
  4 hobgoblins (D:1)
  6 jackals (D:3)
  3 kobolds
  A quokka (D:3)
  A giant newt (D:4)
  A rat (D:3)
40 creatures vanquished.

Vanquished Creatures (collateral kills)
  2 hobgoblins (D:2)
  A quokka (D:2)
  A bat (D:2)
4 creatures vanquished.

Vanquished Creatures (others)
  A gnoll (D:2)
1 creature vanquished.

Grand Total: 45 creatures vanquished

Notes
Turn   | Place    | Note
--------------------------------------------------------------
     0 | D:1      | M4edhros the Octopode Artificer began the quest for the Orb.
     0 | D:1      | Reached XP level 1. HP: 13/13 MP: 3/3
    66 | D:1      | Reached skill level 2 in Stealth
   190 | D:1      | Reached skill level 3 in Stealth
   190 | D:1      | Reached XP level 2. HP: 5/18 MP: 4/4
   738 | D:1      | Reached skill level 4 in Stealth
   738 | D:1      | Reached XP level 3. HP: 16/23 MP: 5/5
   873 | D:3      | Noticed Terence
   884 | D:3      | Killed Terence
   884 | D:3      | Reached skill level 5 in Stealth
   884 | D:3      | Reached XP level 4. HP: 6/28 MP: 6/6
  1383 | D:4      | Reached skill level 6 in Stealth
  1383 | D:4      | Reached XP level 5. HP: 33/33 MP: 7/7
  1387 | D:4      | Reached skill level 7 in Stealth
  1458 | D:4      | Reached skill level 8 in Stealth
  1586 | D:4      | Reached XP level 6. HP: 27/38 MP: 8/8
  1734 | D:4      | Killed from afar by an orc wizard

Skill      XL: |  1  2  3  4  5 |
---------------+----------------+-----
Stealth        | 3 4 5 6 8 |  8.5
Fighting       | |  1.0
Short Blades   | |  1.0
Dodging        | |  2.0
Evocations     | |  3.2

Action                   |  1- 3 |  4- 6 || total
-------------------------+-------+-------++-------
Melee: Short sword       |    37 |    45 ||    82
       Constrict         |    11 |    16 ||    27
       Tentacles         |     5 |     8 ||    13
Evoke: Wand              |     4 |    12 ||    16
 Stab: Sleeping          |     5 |     2 ||     7
  Eat: Chunk             |       |     2 ||     2
Armor: Skin              |     6 |     2 ||     8
Dodge: Dodged            |    27 |    21 ||    48
